cohdb
Replays
Latest Replays
All Replays
Popular Replays
Top Player Replays
Match Explorer
How It Works
Community
CoH3 Stats
Reddit
Sign in to upload your games and track your stats! →
Sign in with Steam
Match 43537997
Unlisted
Match 43537997
Overview
Messages
Build Orders
End
Selects Airborne Battlegroup
Selects Pathfinders
Selects Smoke Bombing Run
Construct Barracks
Riflemen Squad
1⁄4-ton 4x4 Truck
Riflemen Squad
Grenade Package
Construct Medical Station
Selects Paratrooper Squad Paradrop
Paratrooper Squad Paradrop
Infantry Support Center
Engineer Squad
Selects Anti-tank Gun Team Paradrop
Anti-tank Gun Team Paradrop
Construct Tank Depot
Engineer Squad
M1 Mortar Team
M4A1 Sherman Medium Tank
Selects Paradrop Reinforcements
M4A1 Sherman Medium Tank
M1918 Browning Automatic Rifles
M4A1 Sherman Medium Tank
Paratrooper Squad Paradrop
Luck
WAR MAN
Dominik
beniu
0
0
Comments
sign in to comment!
No comments posted yet!